 Dungeon Crawl Stone Soup version 0.31.0-11-ge490571c62 (webtiles) character file.

Game seed: 2751188541306708376

162386 Curundu the Tortoise (level 17, 0/152 (162) HPs)
             Began as a Minotaur Berserker on Jan 27, 2024.
             Was a High Priest of Trog.
             Shot with an arrow by a deep elf archer (16 damage)
             ... on level 3 of the Elven Halls.
             The game lasted 01:39:42 (18366 turns).

Curundu the Tortoise (Minotaur Berserker)          Turns: 18366, Time: 01:39:44

HP:   0/152 (162)   AC: 24    Str: 33    XL:     17   Next: 21%
MP:   26/26         EV: 12    Int:  9    God:    Trog [*****.]
Gold: 2113          SH: 19    Dex: 13    Spells: 16/16 levels left

rFire   . . .        H - +6 war axe (spect)
rCold   . . .        S - +2 tower shield
rNeg    . . .        g - +0 plate armour {rPois}
rPois   +            n - +3 hat of Pondering {ponderous, Will+ MP+10 Int+5}
rElec   +            q - +2 cloak
rCorr   .            (no gloves)
SInv    .            (no boots)
Will    ++++.        N - amulet of regeneration Stlth
                     d - +4 ring of slaying
HPRegen 2.25/turn    E - ring "Wusack" {rElec Str+4 Dex+2 Slay+4}
MPRegen 0.20/turn

%: random rage (3%)
@: strong-willed, on berserk cooldown, regenerating, slowed, drained, very slow
A: horns 2, retaliatory headbutt, berserk 1
a: Renounce Religion, Berserk, Trog's Hand, Brothers in Arms


You were on level 3 of the Elven Halls.
You worshipped Trog.
Trog was extremely pleased with you.
You visited 4 branches of the dungeon, and saw 21 of its levels.

You collected 3091 gold pieces.
You spent 978 gold pieces at shops.

Inventory:

Hand Weapons
 H - a +6 spectral war axe (weapon)
 R - a +3 scimitar of flaming
Missiles
 s - 15 boomerangs (quivered)
 J - a throwing net
Armour
 g - a +0 plate armour of poison resistance (worn)
 n - the +3 hat of Pondering (worn) {ponderous, Will+ MP+10 Int+5}
   (You bought it in a shop on level 2 of the Orcish Mines)

   Int+5:     It affects your intelligence (+5).
   Will+:     It increases your willpower.
   MP+10:     It affects your magic capacity (+10).
 q - a +2 cloak (worn)
 S - a +2 tower shield (worn)
Jewellery
 d - a +4 ring of slaying (left hand)
 l - a +4 ring of protection
 A - a ring of poison resistance
 D - the ring of Generosity {*Corrode Int+8 Dex+6 SInv}
   (You found it on level 7 of the Dungeon)

   [ring of dexterity]

   Int+8:     It affects your intelligence (+8).
   Dex+6:     It affects your dexterity (+6).
   SInv:      It lets you see invisible.
   *Corrode:  It may corrode you when you take damage.
 E - the ring "Wusack" (right hand) {rElec Str+4 Dex+2 Slay+4}
   (You took it off an orc warrior on level 7 of the Dungeon)

   [ring of slaying]

   Str+4:     It affects your strength (+4).
   Dex+2:     It affects your dexterity (+2).
   Slay+4:    It affects your accuracy & damage with ranged weapons and melee
   (+4).
   rElec:     It insulates you from electricity.
 F - the ring "Xir Ucho" {MP+9 Int+4 Stlth+}
   (You found it on level 7 of the Dungeon)

   [ring of magical power]

   Int+4:     It affects your intelligence (+4).
   MP+9:      It affects your magic capacity (+9).
   Stlth+:    It makes you more stealthy.
 G - the ring "Wyikavih" {Fire rN+ MP+9 Int-3 SInv}
   (You found it on level 7 of the Dungeon)

   [ring of fire]

   Fire:      It enhances your fire magic.
   Int-3:     It affects your intelligence (-3).
   rF+:       It protects you from fire.
   rC-:       It makes you vulnerable to cold.
   rN+:       It protects you from negative energy.
   MP+9:      It affects your magic capacity (+9).
   SInv:      It lets you see invisible.
 N - an amulet of regeneration (around neck)
 O - the ring of Covuas {Fly rPois Int+2}
   (You found it on level 11 of the Dungeon)

   [ring of flight]

   Int+2:     It affects your intelligence (+2).
   rPois:     It protects you from poison Fly: It grants you flight.
 P - a ring of magical power
 T - a +6 ring of strength
 U - a ring of protection from cold
 V - a +4 ring of slaying
 X - a +6 ring of intelligence
Wands
 p - a wand of iceblast (15)
 r - a wand of acid (11)
 x - a wand of charming (3)
 z - a wand of flame (55)
 I - a wand of polymorph (18)
 M - a wand of mindburst (5)
Scrolls
 c - 4 scrolls of fear
 f - 2 scrolls of fog
 k - 3 scrolls of blinking
 m - 6 scrolls of teleportation
 t - a scroll of immolation
 u - a scroll of poison
 y - 3 scrolls of vulnerability
 L - a scroll of brand weapon
 W - a scroll of identify
 Y - 2 scrolls of enchant weapon
Potions
 a - a potion of magic
 e - 5 potions of mutation
 h - 2 potions of heal wounds
 i - 3 potions of brilliance
 j - a potion of ambrosia
 o - 6 potions of curing
 v - 3 potions of haste
 w - 3 potions of might
 B - 2 potions of resistance
 C - 3 potions of enlightenment
 K - 2 potions of attraction
 Q - a potion of invisibility
Miscellaneous
 b - a lightning rod (4/4)


   Skills:
 * Level 17.4 Fighting
 + Level 17.6 Axes
 + Level 3.3 Staves
 + Level 3.0 Throwing
 + Level 17.8 Armour
 * Level 12.1 Dodging
 * Level 9.9 Stealth
 * Level 12.9 Shields
 + Level 0.8 Unarmed Combat
 + Level 1.2 Evocations


You had 16 spell levels left.
You didn't know any spells.
Your spell library was empty.

Dungeon Overview and Level Annotations

Branches:
Dungeon (15/15)            Temple (1/1) D:5            Lair (0/5) D:11
    Orc (2/2) D:12            Elf (3/3) Orc:2        Vaults (0/5) D:13
 Depths (0/4) D:15

Altars:
Ashenzari
Cheibriados
Dithmenos
Elyvilon
Fedhas
Gozag
Hepliaklqana
Kikubaaqudgha
Makhleb
Nemelex Xobeh
Okawaru
Qazlal
Ru
Sif Muna
Trog
Uskayaw
Vehumet
Wu Jian
Xom
Yredelemnul
Zin
The Shining One

Shops:
Orc:1 ::   Orc:2 =:[!=   Elf:1 =*   Elf:2 *

Annotations:
D:8 2 transporters


Innate Abilities, Weirdness & Mutations

You have a pair of horns on your head.
You reflexively headbutt those who attack you in melee.
You sometimes lose your temper in combat.


Message History

Your +6 spectral war axe disappears.
The deep elf archer shoots an arrow.
The arrow hits you.
* * * LOW HITPOINT WARNING * * *
You feel drained.
* * * LOW HITPOINT WARNING * * *
The deep elf elementalist gestures wildly while chanting.
The deep elf elementalist seems to speed up.
Items here: $ ) [ †.
You slice the deep elf elementalist like a ripe choko!!!
You headbutt the deep elf elementalist!
The deep elf elementalist is almost dead.
Your +6 spectral war axe hits the deep elf elementalist!!
You kill the deep elf elementalist!
Trog accepts your kill.
Trog appreciates your killing of a magic user.
You are no longer berserk.
You are exhausted.
You feel yourself slow down.
You hear a shout!
Your +6 spectral war axe disappears.
The deep elf zephyrmancer hits you with a +2 heavy war axe!
* * * LOW HITPOINT WARNING * * *
The deep elf archer shoots an arrow.
The arrow hits you!
* * * LOW HITPOINT WARNING * * *
You feel drained.
Items here: $ )) = [[.
You closely miss the deep elf zephyrmancer.
You block the deep elf zephyrmancer's attack.
The deep elf annihilator mumbles some strange words.
The deep elf annihilator blinks!
The deep elf archer throws a stone.
You block the stone.
An earth elemental comes into view.
You slash the deep elf zephyrmancer!
You headbutt the deep elf zephyrmancer!!
The deep elf zephyrmancer is severely wounded.
An orc comes into view. It is wielding a +0 dagger.
The deep elf zephyrmancer hits you with a +2 heavy war axe!
* * * LOW HITPOINT WARNING * * *
The deep elf archer shoots an arrow.
The arrow hits you!
You die...

#### ### ####.#
#.# #)# #)# #.#
#)# #######.#
.Eo#######$.e...)#
....§Ee@$##$######
.....###$$e.#
......?.)####
..o#######


You could see a deep elf archer (repels missiles), 2 earth elementals, a deep
elf zephyrmancer and an orc.

Vanquished Creatures
  A deep elf blademaster (Elf:3)
  A deep elf master archer (Elf:3)
  Frances (D:14)
  Agnes (D:15)
  Roxanne (D:15)
  A deep elf sorcerer (Elf:3)
  A fire giant (D:15)
  4 deep elf elementalists (Elf:3)
  A deep elf demonologist (Elf:3)
  5 deep elf death magi
  2 deep elf annihilators
  Azrael (D:14)
  Snorg (D:11)
  8 vault guards
  3 two-headed ogres
  2 boulder beetles
  4 centaur warriors
  7 orc high priests
  23 dancing weapons
  20 deep elf knights
  The ghost of Splishie the Ruffian, a novice DrSh of Wu Jian (D:8)
  Amaemon (D:8)
  A skeletal warrior (D:7)
  10 deep elf archers
  Pikel (D:6)
  30 deep elf zephyrmancers
  Maurice (D:8)
  27 deep elf pyromancers
  8 orc knights
  3 orc sorcerers
  3 cyclopes
  A meliai (shapeshifter) (D:14)
  13 ugly things
  2 manticores
  Joseph (D:8)
  3 kobold blastminers
  Maggie (D:6)
  An orange demon (D:8)
  2 gargoyles
  5 kobold demonologists
  A yaktaur (shapeshifter) (D:13)
  A yaktaur (D:15)
  Psyche (D:9)
  7 trolls
  A polar bear (shapeshifter) (D:15)
  Sigmund (D:6)
  2 slime creatures
  A shadow (D:10)
  4 air elementals
  2 wyverns
  4 wraiths
  A culicivora (shapeshifter) (D:13)
  A ynoxinul (D:8)
  A vampire (D:13)
  A water elemental (Elf:2)
  Grum (D:9)
  A yak (shapeshifter) (D:14)
  6 yaks (D:10)
  3 steam dragons (D:7)
  5 fire elementals
  A warg (Orc:2)
  16 vampire mosquitoes
  Menkaure (D:5)
  3 acid dragons
  3 hell hounds
  A water moccasin (D:8)
  44 orc warriors
  4 ogres
  3 wolves (D:9)
  10 centaurs
  A lemure (D:6)
  5 kobold brigands
  3 gnoll sergeants
  4 bullfrogs
  2 earth elementals (Elf:2)
  3 scorpions
  9 wights
  4 killer bees (D:9)
  5 howler monkeys
  3 hounds
  A bombardier beetle (D:7)
  Crazy Yiuf (D:2)
  A gnoll bouda (D:5)
  39 orc priests
  An iguana (D:5)
  24 orc wizards
  20 gnolls
  4 adders
  A shadow imp (D:8)
  3 white imps
  4 dart slugs
  3 ribbon worms
  73 orcs
  4 ball pythons
  5 endoplasms
  5 giant cockroaches
  8 goblins
  4 hobgoblins
  5 jackals
  2 quokkas
  7 bats
  2 frilled lizards
  26 kobolds
  4 rats
  A spectral kobold (D:15)
621 creatures vanquished.

Vanquished Creatures (collateral kills)
  A deep elf archer (Elf:1)
1 creature vanquished.

Vanquished Creatures (others)
  2 deep elf knights
  13 spectral weapons
15 creatures vanquished.

Grand Total: 637 creatures vanquished

Notes
Turn   | Place    | Note
-------+----------+-------------------------------------------
     0 | D:1      | Curundu the Minotaur Berserker began the quest for the Orb.
     0 | D:1      | Reached XP level 1. HP: 19/19 MP: 0/0
   252 | D:1      | Reached XP level 2. HP: 27/27 MP: 1/1
   646 | D:2      | Reached ** piety under Trog
   647 | D:2      | Reached XP level 3. HP: 31/33 MP: 2/2
   966 | D:2      | Found a runed translucent door.
   967 | D:2      | Noticed Crazy Yiuf
   974 | D:2      | Killed Crazy Yiuf
   975 | D:2      | Reached XP level 4. HP: 41/41 MP: 3/3
  1584 | D:3      | Found a burning altar of Makhleb.
  1906 | D:3      | Found a sacrificial altar of Ru.
  1909 | D:3      | Reached skill level 5 in Axes
  2058 | D:3      | Reached XP level 5. HP: 47/47 MP: 4/4
  2180 | D:4      | Reached skill level 1 in Staves
  2596 | D:4      | Reached skill level 5 in Fighting
  2971 | D:4      | Found a shimmering blue altar of Sif Muna.
  3109 | D:5      | Entered Level 5 of the Dungeon
  3137 | D:5      | Reached XP level 6. HP: 52/56 MP: 5/5
  3271 | D:5      | Noticed Menkaure
  3275 | D:5      | Killed Menkaure
  3276 | D:5      | Reached XP level 7. HP: 47/61 MP: 6/6
  3447 | D:5      | Found a glowing golden altar of the Shining One.
  3569 | D:5      | Found a white marble altar of Elyvilon.
  3613 | D:5      | Reached skill level 5 in Armour
  3786 | D:5      | Found a staircase to the Ecumenical Temple.
  3801 | Temple   | Entered the Ecumenical Temple
  4111 | D:6      | Noticed Maggie
  4125 | D:6      | Killed Maggie
  4126 | D:6      | Reached skill level 1 in Stealth
  4245 | D:6      | Noticed Sigmund
  4256 | D:6      | Reached XP level 8. HP: 70/70 MP: 7/7
  4256 | D:6      | Killed Sigmund
  4332 | D:6      | Noticed Pikel
  4339 | D:6      | Killed Pikel
  4477 | D:6      | Reached skill level 10 in Axes
  4720 | D:6      | Identified a scroll of acquirement
  4720 | D:6      | Acquired a manual of Armour
  4782 | D:7      | Reached XP level 9. HP: 53/78 MP: 8/8
  5131 | D:7      | Reached *** piety under Trog
  5314 | D:7      | Noticed a two-headed ogre
  5335 | D:7      | Killed a two-headed ogre
  5336 | D:7      | Reached skill level 5 in Dodging
  5618 | D:7      | Reached XP level 10. HP: 69/88 MP: 9/9
  5791 | D:7      | Noticed a deep elf pyromancer
  5798 | D:7      | Noticed a skeletal warrior
  5803 | D:7      | Killed a deep elf pyromancer
  5812 | D:7      | Identified the ring "Wusack" {rElec Str+4 Dex+2 Slay+4}
  5816 | D:7      | Killed a skeletal warrior
  5828 | D:7      | Reached skill level 10 in Armour
  5834 | D:7      | Identified the ring of Generosity {*Corrode Int+8 Dex+6
                  | SInv}
  6030 | D:7      | Identified the ring "Xir Ucho" {MP+9 Int+4 Stlth+}
  6047 | D:7      | Identified the ring "Wyikavih" {Fire rN+ MP+9 Int-3 SInv}
  6113 | D:8      | Found a runed translucent door.
  6113 | D:8      | Noticed an orange demon
  6114 | D:8      | Noticed Amaemon
  6124 | D:8      | Killed an orange demon
  6131 | D:8      | Killed Amaemon
  6229 | D:8      | Noticed Joseph
  6251 | D:8      | Killed Joseph
  6379 | D:8      | Noticed Splishie's ghost (novice DrSh)
  6438 | D:8      | Found a transporter.
  6440 | D:8      | Noticed Maurice
  6448 | D:8      | Maurice stole the ring "Wusack" {rElec Str+4 Dex+2 Slay+4}
  6451 | D:8      | Maurice stole a lightning rod (4/4)
  6452 | D:8      | Maurice stole 3 javelins
  6457 | D:8      | Maurice stole 301 gold
  6458 | D:8      | Killed Maurice
  6459 | D:8      | Reached XP level 11. HP: 92/97 MP: 3/10
  6544 | D:8      | Found a transporter.
  6775 | D:8      | Killed Splishie's ghost
  6776 | D:8      | Reached skill level 5 in Stealth
  6881 | D:9      | Found an iron altar of Okawaru.
  6890 | D:9      | Noticed Grum
  6918 | D:9      | Killed Grum
  7052 | D:9      | Noticed Psyche
  7057 | D:9      | Reached skill level 10 in Fighting
  7063 | D:9      | Killed Psyche
  7692 | D:9      | Found a snail-covered altar of Cheibriados.
  7774 | D:10     | Entered Level 10 of the Dungeon
  8549 | D:10     | Found an opulent altar of Gozag.
  8616 | D:10     | Found an ornate altar of the Wu Jian Council.
  8750 | D:10     | Reached **** piety under Trog
  9472 | D:11     | Identified the ring of Covuas {Fly rPois Int+2}
  9635 | D:11     | Noticed Snorg
  9642 | D:11     | Killed Snorg
  9650 | D:11     | Found a staircase to the Lair.
  9720 | D:12     | Noticed a two-headed ogre
  9727 | D:12     | Killed a two-headed ogre
 10215 | D:12     | Found a staircase to the Orcish Mines.
 10355 | D:13     | Noticed a vault guard
 10355 | D:13     | Noticed a vault guard
 10355 | D:13     | Noticed a vault guard
 10355 | D:13     | Found a gate to the Vaults.
 10356 | D:13     | Noticed a vault guard
 10357 | D:13     | Noticed a vault guard
 10358 | D:13     | Noticed a vault guard
 10359 | D:13     | Noticed a vault guard
 10361 | D:13     | Noticed a vault guard
 10365 | D:12     | Killed a vault guard
 10366 | D:12     | Reached XP level 12. HP: 110/110 MP: 11/11
 10374 | D:12     | Killed a vault guard
 10375 | D:12     | Killed a vault guard
 10376 | D:12     | Killed a vault guard
 10431 | D:13     | Killed a vault guard
 10433 | D:13     | Killed a vault guard
 10439 | D:13     | Killed a vault guard
 10440 | D:13     | Killed a vault guard
 10516 | D:13     | Reached skill level 15 in Axes
 10559 | D:13     | Reached skill level 1 in Shields
 10670 | D:13     | Noticed a centaur warrior
 10673 | D:13     | Killed a centaur warrior
 10759 | D:13     | Reached ***** piety under Trog
 10998 | D:13     | Noticed a centaur warrior
 11009 | D:13     | Killed a centaur warrior
 11275 | D:14     | Reached XP level 13. HP: 103/119 MP: 12/12
 11295 | D:14     | Acquired 912 gold pieces
 11763 | D:14     | Noticed Frances
 11775 | D:14     | Killed Frances
 11776 | D:14     | Reached skill level 1 in Throwing
 12043 | D:15     | Entered Level 15 of the Dungeon
 12046 | D:15     | Noticed Agnes
 12051 | D:15     | Killed Agnes
 12055 | D:15     | Reached skill level 5 in Shields
 12062 | D:15     | Noticed Azrael
 12075 | D:14     | Killed Azrael
 12260 | D:15     | Noticed a fire giant
 12283 | D:15     | Found a staircase to the Depths.
 12515 | D:15     | Found a hazy altar of Hepliaklqana.
 12932 | D:15     | Identified the granite talisman "Qyoplir" {Int-4 Dex+5
                  | Slay+2 SInv}
 12932 | D:15     | Noticed Roxanne
 12951 | D:15     | Killed Roxanne
 13020 | D:15     | Killed a fire giant
 13258 | Orc:1    | Entered Level 1 of the Orcish Mines
 13394 | Orc:1    | Found Cigemel's Book Shoppe.
 13435 | Orc:1    | Reached skill level 10 in Dodging
 13435 | Orc:1    | Found Xenaqi's Self-Improvement Boutique.
 13450 | Orc:1    | Reached XP level 14. HP: 130/133 MP: 13/13
 13856 | Orc:2    | Entered Level 2 of the Orcish Mines
 13862 | Orc:2    | Received a gift from Trog
 13993 | Orc:2    | Found a shimmering altar of Xom.
 14027 | Orc:2    | Found a gate leading to a gauntlet.
 14032 | Orc:2    | Found a staircase to the Elven Halls.
 14185 | Orc:2    | Reached skill level 15 in Armour
 14396 | Orc:2    | Found Gudaz's Jewellery Shoppe.
 14440 | Orc:2    | Gained mutation: You sometimes lose your temper in combat.
                  | [a neqoxec]
 14848 | Orc:2    | Reached skill level 15 in Fighting
 14956 | Orc:2    | Found Kokleina's Jewellery Shop.
 14956 | Orc:2    | Found Uckoimoqi's Book Shop.
 14957 | Orc:2    | Found Ebeof's Distillery.
 14957 | Orc:2    | Found Opimm's Antique Armour Boutique.
 14966 | Orc:2    | Bought 2 potions of heal wounds for 140 gold pieces
 14968 | Orc:2    | Bought the +3 hat of Pondering {ponderous, Will+ MP+10
                  | Int+5} for 838 gold pieces
 14968 | Orc:2    | Found the +3 hat of Pondering {ponderous, Will+ MP+10
                  | Int+5}
 15198 | Elf:1    | Entered Level 1 of the Elven Halls
 15333 | Elf:1    | Received a gift from Trog
 15437 | Elf:1    | Reached skill level 1 in Evocations
 15724 | Elf:1    | Paralysed by an air elemental for 1 turns
 15813 | Elf:1    | Found Syecugho's Jewellery Emporium.
 15879 | Elf:1    | Found Qifyc's Assorted Antiques.
 15930 | Elf:1    | Reached XP level 15. HP: 136/143 MP: 14/14
 16589 | Elf:2    | Reached skill level 10 in Shields
 16839 | Elf:2    | Found Imotes's General Store.
 17006 | Elf:2    | Received a gift from Trog
 17134 | Elf:2    | Found a runed translucent gate.
 17134 | Elf:2    | Found a runed translucent gate.
 17134 | Elf:2    | Found a runed translucent gate.
 17261 | Elf:2    | Reached XP level 16. HP: 152/152 MP: 15/15
 18065 | Elf:3    | Entered Level 3 of the Elven Halls
 18069 | Elf:3    | Found a shimmering altar of Xom.
 18134 | Elf:3    | Reached XP level 17. HP: 119/161 MP: 16/16
 18283 | Elf:3    | Identified the ring "Pimitox" {Wiz rF+}
 18303 | Elf:3    | Identified the staff of the Sugar Beet {rC+ Will+ Int+7
                  | Tloc Ice}
 18334 | Elf:3    | Noticed a deep elf master archer
 18337 | Elf:3    | Noticed a deep elf blademaster
 18356 | Elf:3    | Killed a deep elf blademaster
 18360 | Elf:3    | Killed a deep elf master archer
 18366 | Elf:3    | Shot with an arrow by a deep elf archer

Illustrated notes

Levels and vault maps discovered:
D:1:      shiori_arrival_oz, layout_basic
D:2:      layout_basic, uniq_crazy_yiuf_cottage
D:3:      layout_loops_ring, mainiacjoe_overflow_alcove_4, bloody_makhleb
D:4:      minmay_octagon_keep, layout_basic, lemuel_blue_sif_altar
D:5:      layout_basic, lemuel_doored_altar, kennysheep_mini,
          minmay_temple_entry_wispy, uniq_menkaure
D:6:      layout_basic, uniq_sigmund, uniq_pikel, uniq_maggie
D:7:      minmay_the_grid_triangle_9x9_recursive_2
          [minmay_the_grid_triangle_9x9_prize_special,
          minmay_the_grid_triangle_9x9_impossible_snake,
          minmay_the_grid_triangle_9x9_flanged_cone,
          minmay_the_grid_triangle_9x9_warning], layout_basic
D:8:      gammafunk_cloud_chamber, layout_rooms, hellmonk_ghost_big_iron,
          uniq_maurice, uniq_joseph, uniq_amaemon
D:9:      layout_rooms, lemuel_tele_altar, mainiacjoe_overflow_boulevard,
          uniq_grum, uniq_psyche
D:10:     layout_layer_cave, kennysheep_mini_moat, nzn_wu_jian_council_hall
D:11:     layout_gridville, lair_entry_dummy, item_on_display_a, uniq_snorg
D:12:     layout_rooms, hiddenorc1_lemuel, serial_library_hellmonk_room_c,
          roderic_roman_lattice
D:13:     layout_basic, erik_vaults_2, minmay_quadrilaterals
D:14:     layout_irregular_city, uniq_frances
D:15:     grunt_enter_depths_giant_problem, layout_loops_ring,
          nicolae_ru_path_of_blood, nicolae_hepliaklqana_monster_ancestors,
          uniq_roxanne, uniq_agnes, uniq_azrael
Temple:   dshaligram_water_room_temple
Orc:1:    layout_caves, serial_shops, nicolae_shop_real_fake_doors,
          nicolae_shop_self_help
Orc:2:    st_orc_pillars, layout_diamond_mine, gauntlet_entry_generic,
          serial_shops, shop, lemuel_statue_altar
Elf:1:    elf_arrival_001, layout_loops_corners, serial_shops,
          nicolae_shop_hallway_stairs, nicolae_shop_trees,
          nicolae_elf_crossing_hall, st_stairs_8, feat_on_display
Elf:2:    elven_hall_of_blades_hangedman_original [mumra_blade_entry_dagger],
          layout_geoelf_octagon, serial_shops,
          nicolae_shop_pleasant_corner_grove, minmay_misc_feat_cross,
          nicolae_elevator_lobby_asterisk
Elf:3:    grunt_elf_hall_branching, layout_loops_ring, basic_altar,
          uniq_asterion

Skill      XL: |  1  2  3  4  5  6  7  8  9 10 11 12 13 14 15 16 17 |
---------------+----------------------------------------------------+-----
Fighting       | 4 5 6 7 9 11 12 14 15 16 17 | 17.4
Axes           | 4 5 6 8 10 11 13 14 15 16 17 | 17.6
Armour         | 3 4 5 7 9 10 12 14 15 17 | 17.8
Staves         | 2 3 |  3.3
Dodging        | 3 5 6 7 8 10 11 12 | 12.1
Stealth        | 1 3 4 6 7 8 9 |  9.9
Shields        | 2 6 9 11 12 | 12.9
Throwing       | 2 3 |  3.0
Evocations     | 1 |  1.2
Unarmed Combat | |  0.8

Action                     |  1- 3 |  4- 6 |  7- 9 | 10-12 | 13-15 | 16-18 || total
---------------------------+-------+-------+-------+-------+-------+-------++-------
  Melee: Hand axe          |    59 |       |       |       |       |       ||    59
         Headbutt          |    12 |     8 |    24 |    65 |    93 |    41 ||   243
         Quarterstaff      |       |    33 |       |       |       |       ||    33
         War axe           |       |    23 |   119 |   309 |   374 |   140 ||   965
         Punch             |       |       |     4 |     2 |       |       ||     6
         Unarmed           |       |       |       |     7 |       |       ||     7
  Throw: Javelin           |       |       |       |     4 |     4 |       ||     8
         Boomerang         |       |       |       |       |    15 |     6 ||    21
 Invoke: Trog's Hand       |     1 |     2 |     4 |     9 |    28 |     6 ||    50
         Berserk           |     1 |     1 |     3 |     4 |       |     1 ||    10
  Evoke: Wand              |       |       |       |       |    11 |       ||    11
    Use: Scroll            |       |     9 |     7 |     8 |     8 |     3 ||    35
         Potion            |       |       |       |     2 |     5 |     4 ||    11
   Stab: Paralysed         |       |     1 |       |       |       |       ||     1
         Confused          |       |       |       |     1 |       |       ||     1
         Distracted        |       |       |       |     2 |     6 |     2 ||    10
 Armour: Ring mail         |    29 |    45 |       |       |       |       ||    74
         Animal skin       |     2 |       |       |       |       |       ||     2
         Scale mail        |       |    11 |   117 |   121 |       |       ||   249
         Plate armour      |       |       |       |   146 |   254 |   102 ||   502
         Skin              |       |       |       |     6 |       |       ||     6
  Dodge: Dodged            |    27 |    44 |    59 |   188 |    76 |    16 ||   410
  Block: Tower shield      |       |       |       |    31 |   226 |    77 ||   334
